 Dungeon Crawl Stone Soup version 0.28-a0-445-g51f8dfeb47 (webtiles) character file.

Game seed: 5633455913987403383

2805 Morbidden the Ruffian (level 9, -4/80 HPs)
             Began as a Troll Fire Elementalist on Sept 12, 2021.
             Was a Believer of Cheibriados.
             Slain by a vampire mosquito (8 damage)
             ... on level 6 of the Dungeon.
             The game lasted 00:14:46 (6558 turns).

Morbidden the Ruffian (Troll Fire Elementalist)     Turns: 6558, Time: 00:14:46

Health: -4/80      AC:  5    Str: 23    XL:     9   Next: 44%
Magic:  4/13       EV: 11    Int: 19    God:    Cheibriados [**....]
Gold:   1091       SH:  0    Dex: 15    Spells: 0/15 levels left

rFire   . . .      SeeInvis .     - Unarmed
rCold   . . .      Faith    .   (no shield)
rNeg    . . .      Spirit   .   a - +1 robe
rPois   +          Reflect  .   u - +0 hat {Stlth+}
rElec   .          Harm     .   (no cloak)
rCorr   .          Rampage  .   (gloves unavailable)
Will    .....                   (boots unavailable)
Stlth   +++.......              q - amulet of regeneration
HPRegen 2.23/turn               s - ring of poison resistance
MPRegen 0.13/turn               (no ring)

@: marked, studying Transmutations, very slow
A: large, unfitting armour, claws 3, regeneration 1, shaggy fur 1, tough skin 1
a: Renounce Religion, Bend Time


You were on level 6 of the Dungeon.
You worshipped Cheibriados.
Cheibriados was pleased with you.
You visited 2 branches of the dungeon, and saw 8 of its levels.
You also visited: Sewer.

You collected 1091 gold pieces.

Inventory:

Hand Weapons
 b - a +4 dagger
Missiles
 h - 2 javelins (quivered)
 l - 14 poisoned darts
 v - a throwing net
Armour
 a - a +1 robe (worn)
 u - a +0 hat of stealth (worn)
Jewellery
 q - an amulet of regeneration (around neck)
 s - a ring of poison resistance (left claw)
Wands
 k - a wand of polymorph (10)
Scrolls
 c - 2 scrolls of amnesia
 e - 7 scrolls of teleportation
 i - 2 scrolls of identify
 j - 2 scrolls of fog
 n - a scroll of immolation
 o - 2 scrolls of enchant armour
 t - a scroll of silence {unknown}
Potions
 d - a potion of magic {unknown}
 g - 3 potions of flight
 m - 2 potions of attraction
 p - a potion of brilliance
 r - a potion of berserk rage {unknown}


   Skills:
 * Level 2.6 Fighting
 * Level 4.3 Dodging
 + Level 1.4 Stealth
 * Level 5.9 Unarmed Combat
 * Level 3.5 Spellcasting
 * Level 3.1 Conjurations
 * Level 1.4 Transmutations
 * Level 4.5 Fire Magic
 * Level 0.8 Ice Magic
 * Level 0.1 Air Magic
 * Level 3.0 Invocations


You couldn't memorise any spells.
You knew the following spells:

 Your Spells              Type           Power      Damage    Failure   Level
a - Foxfire               Conj/Fire      68%        2x1d7     3%          1
b - Scorch                Fire           40%        2d7       3%          2
c - Flame Wave            Conj/Fire      17%        3d5       30%         4
d - Ice Form              Ice/Tmut       7%         N/A       67%         4
e - Airstrike             Air            1%         N/A       80%         4

Your spell library contained the following spells:

 Spells                   Type           Power      Damage    Failure   Level
 Magic Dart               Conj           60%        1d6       4%          1
 Searing Ray              Conj           30%        2d5       6%          2
 Shock                    Conj/Air       36%        1d5       8%          1
 Conjure Flame            Conj/Fire      17%        6-21      9%          3
 Inner Flame              Hex/Fire       11%        N/A       17%         3
 Blink                    Tloc           N/A        N/A       22%         2
 Frozen Ramparts          Ice            12%        1d3       30%         3
 Swiftness                Air            3%         N/A       38%         3
 Fulminant Prism          Conj/Hex       4%         3d6       58%         4
 Summon Ice Beast         Ice/Summ       4%         N/A       77%         4
 Manifold Assault         Tloc           3%         N/A       99%         5
 Storm Form               Tmut/Air       3%         N/A       100%        7


Dungeon Overview and Level Annotations

Branches:
Dungeon (7/15)             Temple (1/1) D:5           Sewer (visited)

Altars:
Ashenzari
Cheibriados
Dithmenos
Elyvilon
Gozag
Makhleb
Okawaru
Qazlal
Sif Muna
Trog
Uskayaw
Vehumet
Wu Jian
Yredelemnul

Annotations:
D:7 2 runed translucent doors, Harold, Maggie


Innate Abilities, Weirdness & Mutations

You are too large for most types of armour.
You have claws for hands.
Your natural rate of healing is unusually fast.
You are covered in fur. (AC +1)
You have tough skin. (AC +1)


Message History

Confirm with . or Enter, or press ? or * to list all spells.
Casting: Flame Wave (dangerous; 30% risk of failure)
Press: ? - help, Dir - look around, f - activate A wave of flame ripples out!
The flame wave engulfs the vampire mosquito.
The vampire mosquito is severely damaged.
The flame wave engulfs the vampire mosquito.
The vampire mosquito is lightly damaged. (Press . to intensify the flame waves.)
The vampire mosquito bites you but does no damage.
The vampire mosquito bites you!
* * * LOW HITPOINT WARNING * * *
The vampire mosquito draws strength from your injuries!
The vampire mosquito bites you but does no damage.
The vampire mosquito barely misses you.
Unknown command.
Unknown command.
Unknown command.
Unknown command.
Unknown command.
A wave of flame ripples out!
The flame wave engulfs the vampire mosquito.
The vampire mosquito is severely damaged.
The flame wave engulfs the vampire mosquito!
The vampire mosquito is heavily damaged.
The vampire mosquito bites you.
* * * LOW HITPOINT WARNING * * *
The vampire mosquito draws strength from your injuries!
The vampire mosquito bites you!
* * * LOW HITPOINT WARNING * * *
The vampire mosquito draws strength from your injuries!
The vampire mosquito bites you but does no damage.
Unknown command.
Unknown command.
Unknown command.
Unknown command.
Unknown command.
Unknown command.
The vampire mosquito bites you!
You die...

#........##.##..##...##
#...###.##...##.###.###
## #.#...#.#.......[
#...#.#..........
#.#.#...#...##.#.#
#.##...##........#
#..##.##.......#.#
#yy†)......##..#
#@##.##....# ....
#............ ...
##...........
#>...##..... #.....#
.... #...........
#.......... #####.###.
.#


You could see 2 vampire mosquitoes.

Vanquished Creatures
  A troll (D:7)
  Eustachio (D:5)
  A water moccasin (D:7)
  Duvessa (D:7)
  A black bear (D:6)
  An orc warrior (D:6)
  A sky beast (D:7)
  An ogre (D:5)
  2 centaurs (D:6)
  A phantom (D:4)
  Blork the orc (D:6)
  A bullfrog (Sewer)
  4 scorpions
  2 water moccasin skeletons (D:4)
  Dowan (D:7)
  5 killer bees (D:7)
  A howler monkey (D:2)
  2 centaur zombies
  A bullfrog skeleton (D:6)
  3 orc priests (D:6)
  3 hounds
  3 jellies
  2 iguanas (D:5)
  6 orc wizards
  A scorpion zombie (D:5)
  4 gnolls
  9 adders
  2 white imps
  An ufetubus (D:5)
  3 worms
  2 dart slugs (D:4)
  25 orcs
  7 bats
  9 endoplasms
  6 giant cockroaches
  5 goblins
  7 hobgoblins
  10 jackals
  6 quokkas
  10 ball pythons
  7 frilled lizards
  9 kobolds
  9 rats
178 creatures vanquished.

Vanquished Creatures (others)
  244 foxfires
  2 fungi (D:7)
246 creatures vanquished.

Grand Total: 424 creatures vanquished

Notes
Turn   | Place    | Note
-------+----------+-------------------------------------------
     0 | D:1      | Morbidden the Troll Fire Elementalist began the quest for
                  | the Orb.
     0 | D:1      | Reached XP level 1. HP: 16/16 MP: 1/1
    75 | D:1      | Reached XP level 2. HP: 23/24 MP: 2/2
   374 | D:1      | Reached skill level 1 in Conjurations
   598 | D:2      | Reached XP level 3. HP: 29/31 MP: 4/4
   601 | D:2      | Found a faded altar of an unknown god.
   693 | D:2      | Reached XP level 4. HP: 40/40 MP: 5/5
   701 | D:2      | Reached skill level 1 in Unarmed Combat
   720 | D:2      | Learned a level 2 spell: Scorch
  1212 | D:3      | Identified a scroll of acquirement
  1212 | D:3      | Acquired 828 gold pieces
  1346 | D:3      | Found a glowing drain.
  1373 | D:3      | Reached XP level 5. HP: 41/46 MP: 6/6
  1385 | Sewer    | Entered a sewer
  1414 | Sewer    | Reached skill level 2 in Unarmed Combat
  1713 | Sewer    | Reached skill level 1 in Fighting
  1771 | D:3      | Reached XP level 6. HP: 52/55 MP: 7/7
  2314 | D:4      | Reached skill level 3 in Unarmed Combat
  2329 | D:4      | Learned a level 4 spell: Flame Wave
  2848 | D:4      | Reached XP level 7. HP: 62/62 MP: 5/9
  3655 | D:5      | Entered Level 5 of the Dungeon
  3888 | D:5      | Found a staircase to the Ecumenical Temple.
  3899 | Temple   | Entered the Ecumenical Temple
  3907 | Temple   | Became a worshipper of Cheibriados the Contemplative
  4142 | D:5      | Noticed Eustachio
  4183 | D:5      | Killed Eustachio
  4184 | D:5      | Reached skill level 4 in Unarmed Combat
  4184 | D:5      | Reached skill level 1 in Invocations
  4184 | D:5      | Reached XP level 8. HP: 55/72 MP: 1/10
  4275 | D:5      | Found an opulent altar of Gozag.
  4693 | D:6      | Reached * piety under Cheibriados
  5032 | D:6      | Reached skill level 5 in Unarmed Combat
  5239 | D:6      | Noticed Blork the orc
  5245 | D:6      | Killed Blork the orc
  5662 | D:6      | Learned a level 4 spell: Ice Form
  5885 | D:7      | Reached XP level 9. HP: 80/80 MP: 4/12
  5893 | D:7      | Noticed Harold
  6047 | D:7      | Noticed a troll
  6108 | D:7      | Found a large runed translucent door.
  6109 | D:7      | Found a large runed translucent door.
  6109 | D:7      | Noticed Duvessa
  6109 | D:7      | Noticed Dowan
  6124 | D:7      | Reached ** piety under Cheibriados
  6139 | D:7      | Killed Dowan
  6141 | D:7      | Killed Duvessa
  6145 | D:7      | Noticed Maggie
  6146 | D:7      | Reached skill level 1 in Transmutations
  6419 | D:7      | Killed a troll
  6485 | D:7      | Learned a level 4 spell: Airstrike
  6557 | D:6      | HP: 1/80 [vampire mosquito (8)]
  6558 | D:6      | Slain by a vampire mosquito

Illustrated notes

Levels and vault maps discovered:
D:1:      saegor_arrival_simple_b, layout_basic
D:2:      layout_basic, ebering_ecumenical_altar_abandoned
D:3:      layout_rooms, cheibrodos_sewer_entry_drain, serial_park_tiny_2,
          lightli_corner_chamber
D:4:      minmay_evil_eye, layout_cave_pods
D:5:      layout_gridville, kennysheep_mini_moat,
          minmay_temple_entry_glassed_door, amcnicky_mini_rare_corridor_liquid,
          uniq_eustachio
D:6:      layout_loops_cross, minmay_shop_damaged, minmay_manual_mares,
          uniq_blork_the_orc
D:7:      layout_rooms, jmf_multi_god_temple2, uniq_harold, uniq_maggie,
          uniq_duvessa, uniq_crazy_yiuf_cottage
Temple:   nicolae_temple_x_marks_the_god

Skill      XL: |  1  2  3  4  5  6  7  8  9 |
---------------+----------------------------+-----
Conjurations   | 1 2 3 |  3.1
Dodging        | 2 3 4 |  4.3
Unarmed Combat | 1 2 3 4 5 |  5.9
Fighting       | 1 2 |  2.6
Fire Magic     | 3 4 |  4.5
Spellcasting   | 2 3 |  3.5
Invocations    | 1 2 3 |  3.0
Transmutations | 1 |  1.4
Stealth        | |  1.4
Ice Magic      | |  0.8
Air Magic      | |  0.1

Action                   |  1- 3 |  4- 6 |  7- 9 || total
-------------------------+-------+-------+-------++-------
Melee: Unarmed           |    84 |   226 |   182 ||   492
       Punch             |       |     3 |     5 ||     8
 Cast: Foxfire           |     2 |    52 |    96 ||   150
       Scorch            |       |     3 |    24 ||    27
       Flame Wave        |       |       |     5 ||     5
  Use: Scroll            |       |     4 |    14 ||    18
       Potion            |       |       |     7 ||     7
 Stab: Sleeping          |     1 |     1 |     4 ||     6
Armor: Robe              |    48 |    80 |    74 ||   202
Dodge: Dodged            |    50 |   120 |   167 ||   337

Table legend: (Time is in decaauts)
 A = Elapsed time spent in this place.
 B = Non-inter-level travel time spent in this place.
 C = Inter-level travel time spent in this place.
 D = Time resting spent in this place.
 E = Time spent auto-exploring this place.
 F = Levels seen in this place.
 G = Mean time per level.
                   A        B        C        D        E       F      G
               +--------+--------+--------+--------+--------+-----+--------+
         Total |   6938 |   6810 |    128 |   1184 |   4064 |   9 |  770.9 |
       Dungeon |   6501 |   6373 |    128 |   1184 |   3742 |   7 |  928.7 |
        Temple |     16 |     16 |      0 |      0 |      3 |   1 |   16.0 |
         Sewer |    420 |    420 |      0 |      0 |    318 |   1 |  420.0 |
               +--------+--------+--------+--------+--------+-----+--------+

Top non-repeatable levels by time:
     D:4: 1431 daAuts
     D:6: 1325 daAuts
     D:5: 1149 daAuts
     D:7: 759 daAuts
     D:3: 629 daAuts
     D:2: 625 daAuts
     D:1: 581 daAuts
   Sewer: 420 daAuts
  Temple: 16 daAuts
